 Dungeon Crawl Stone Soup version 0.19.5 (webtiles) character file.

40528 JeffiDaFish the Peltast (level 14, 0/88 HPs)
             Began as a Gargoyle Fighter on Apr 6, 2017.
             Was the Champion of Okawaru.
             Killed from afar by a catoblepas (7 damage)
             ... with a blast of calcifying dust
             ... on level 6 of the Lair of Beasts on Apr 9, 2017.
             The game lasted 00:44:17 (16212 turns).

JeffiDaFish the Peltast (Gargoyle Fighter)         Turns: 16212, Time: 00:44:17

Health: 0/88       AC: 36    Str: 24    XL:     14   Next: 11%
Magic:  14/14      EV:  7    Int: 10    God:    Okawaru [******]
Gold:   1068       SH: 22    Dex: 22    Spells: 0 memorised, 13 levels left

rFire  . . .     SeeInvis +     C - +7 flail of Dithmenos's Whim {freeze, MR+ Str+2 Dex+3}
rCold  . . .     Gourm    .     y - +0 plate armour
rNeg   + + .     Faith    .     x - +1 large shield {rN+}
rPois  ∞         Spirit   .     t - +2 helmet
rElec  +         Reflect  .     E - +2 cloak {+Inv}
rCorr  .         Harm     .     I - +1 pair of gloves {Dex+3}
MR     ++...                    e - +2 pair of boots
Stlth  ..........               (no amulet)
                                v - +3 ring of dexterity
                                q - ring of see invisible

@: flying
A: big wings, blurry vision 1, negative energy resistance 1, electricity
resistance, strong 1, unbreathing, petrification resistance, rot immunity, AC +9
a: Stop Flying, Heroism, Finesse, Renounce Religion, Evoke Invisibility


You were on level 6 of the Lair of Beasts.
You worshipped Okawaru.
Okawaru was exalted by your worship.
You were not hungry.

You visited 2 branches of the dungeon, and saw 18 of its levels.
You also visited: Labyrinth and Bailey.

You collected 1401 gold pieces.
You spent 333 gold pieces at shops.

Inventory:

Hand Weapons
 m - the +12 morningstar of the Viper {chaos, Int+3 SInv}
   (You bought it in a shop on level 11 of the Dungeon)

   Each time it hits an enemy it has a different, random effect.
   It affects your intelligence (+3).
   It lets you see invisible.
 C - the +7 flail of Dithmenos's Whim (weapon) {freeze, MR+ Str+2 Dex+3}
   (You found it on level 9 of the Dungeon)

   It has been specially enchanted to freeze those struck by it, causing extra
   injury to most foes and up to half again as much damage against particularly
   susceptible opponents.
   It can also slow down cold-blooded creatures.
   It affects your strength (+2).
   It affects your dexterity (+3).
   It affects your resistance to hostile enchantments.
Armour
 e - a +2 pair of boots (worn)
 t - a +2 helmet (worn)
 x - a +1 large shield of positive energy (worn)
 y - a +0 plate armour (worn)
 E - a +2 cloak of invisibility (worn)
 I - a +1 pair of gloves of dexterity (worn)
Jewellery
 q - a ring of see invisible (left hand)
 v - a +3 ring of dexterity (right hand)
Scrolls
 c - 2 scrolls of fog
 l - 10 scrolls of identify
 p - 3 scrolls of teleportation
 u - 9 scrolls of remove curse
 A - 3 scrolls of amnesia
 H - a scroll of enchant weapon
Potions
 o - 4 potions of haste
 r - a potion of cancellation
 z - 2 potions of agility
 B - a potion of invisibility
 G - 2 potions of brilliance
Books
 a - a book of Air

   Spells                             Type                      Level
   a - Shock                          Conjuration/Air              1
   b - Swiftness                      Charms/Air                   2
   c - Repel Missiles                 Charms/Air                   2
   d - Static Discharge               Conjuration/Air              3
   e - Lightning Bolt                 Conjuration/Air              5
 d - a book of Dreams

   Spells                             Type                      Level
   a - Ensorcelled Hibernation        Hexes/Ice                    2
   b - Silence                        Hexes/Air                    5
   c - Darkness                       Hexes                        6
   d - Shadow Creatures               Summoning                    6
 s - a book of Callings

   Spells                             Type                      Level
   a - Summon Small Mammal            Summoning                    1
   b - Call Imp                       Summoning                    2
   c - Call Canine Familiar           Summoning                    3
   d - Summon Guardian Golem          Hexes/Summoning              3
   e - Summon Lightning Spire         Summoning/Air                4
   f - Summon Ice Beast               Ice/Summoning                4
 w - a book of Frost

   Spells                             Type                      Level
   a - Freeze                         Ice                          1
   b - Throw Frost                    Conjuration/Ice              2
   c - Ozocubu's Armour               Charms/Ice                   3
   d - Throw Icicle                   Conjuration/Ice              4
   e - Summon Ice Beast               Ice/Summoning                4
Miscellaneous
 k - a phial of floods
Comestibles
 b - 15 fruits
 f - 12 bread rations
 h - 9 slices of pizza
 i - 4 beef jerkies
 j - 3 meat rations
 n - 4 chunks of flesh


   Skills:
 + Level 10.5 Fighting
 + Level 14.1 Maces & Flails
 + Level 9.7 Armour
 + Level 3.2 Dodging
 + Level 1.9 Stealth
 + Level 15.3 Shields


You had 13 spell levels left.
You didn't know any spells.

Dungeon Overview and Level Annotations

Branches:
Dungeon (12/15)            Temple (0/1) D:4            Lair (6/6) D:11
 Shoals (0/4) Lair:4        Snake (0/4) Lair:3        Slime (0/5) Lair:5
    Orc (0/2) D:10

Altars:
Elyvilon
Okawaru
Sif Muna
Trog
Xom

Shops:
D:6 !   D:11 =(}*=

Annotations:
D:6 1 runed door
Lair:5 exclusion: 3 oklob plants


Innate Abilities, Weirdness & Mutations

You are resistant to torment.
Your stone body is resilient. (AC +9)
You are immune to poison.
Your large and strong wings let you fly indefinitely.
You resist negative energy. (rN+)
You are resistant to electric shocks. (rElec)
You can survive without breathing.
You are immune to petrification.
You are immune to rotting.
Scrolls take you a little longer to read.
Your muscles are strong. (Str +2)


Message History

You hit the catoblepas but do no damage.
The catoblepas is almost dead.
The death yak gores you!
* * * LOW HITPOINT WARNING * * *
You sock the catoblepas! You freeze the catoblepas.
The catoblepas is almost dead.
The catoblepas breathes a plume of calcifying dust at you.
The blast of calcifying dust hits you!
The death yak gores you but does no damage.
Unknown command.
You block the catoblepas's attack.
The death yak is engulfed in calcifying dust.
The death yak is moving more slowly.
The death yak gores the bush.
Okay, then.
You hit the catoblepas. You freeze the catoblepas.
The catoblepas is almost dead.
The catoblepas breathes a plume of calcifying dust at you.
The blast of calcifying dust hits you!
You die...

#.##....#.# #.P.#
#.#......# ##.÷##
##..÷.....#. ###..##
#P...÷...... ###.P.##
##...†### ###.....#
#..P....#######......##
###..##§.P.......÷..##
### ##.YP.......P##
##PY@.####### ######


You could see a death yak (petrifying) and a catoblepas.

Vanquished Creatures
  Kirke (Lair:4)
  A minotaur (Lab)
  Harold (Lair:4)
  5 hydras
  2 death yaks (Lair:6)
  The ghost of antares the Spear-Bearer, a novice MfGl of Okawaru (Bailey)
  The ghost of kniiight the Covert, a novice OpAs of Dithmenos (D:9)
  An unseen horror (D:11)
  A lindwurm (Lair:6)
  4 hill giants
  An ugly thing (D:11)
  A manticore (Lair:4)
  5 black mambas
  Joseph (D:10)
  8 spiny frogs
  A gargoyle (D:11)
  6 komodo dragons
  4 rime drakes
  A polar bear (Lair:3)
  A two-headed ogre (D:10)
  6 hippogriffs
  11 blink frogs
  4 wyverns
  A human (D:8)
  21 yaks
  5 hogs
  4 basilisks
  2 hungry ghosts
  Menkaure (D:7)
  6 soldier ants (D:6)
  23 water moccasins
  4 porcupines
  4 black bears
  2 ice beasts
  2 sky beasts
  3 orc warriors
  22 wolves
  3 phantoms
  4 ogres
  A centaur (D:7)
  7 crocodiles
  3 big kobolds
  8 gnoll sergeants (Bailey)
  12 bullfrogs
  An earth elemental (Lab)
  5 scorpions
  15 killer bees
  5 howler monkeys
  6 crimson imps
  A centaur zombie (D:9)
  A jelly (D:11)
  2 bullfrog zombies (D:5)
  6 gnoll shamans (Bailey)
  7 hounds
  A bullfrog skeleton (D:11)
  5 orc priests
  6 orc wizards
  A centaur skeleton (D:5)
  4 iguanas
  Natasha (twice) (D:3)
  11 worker ants
  5 hound skeletons
  A hound zombie (D:9)
  A worker ant zombie (D:10)
  Robin (D:3)
  A howler monkey skeleton (D:9)
  23 gnolls
  16 adders
  2 river rats (D:11)
  3 shadow imps
  3 oozes
  9 worms
  2 dart slugs
  5 leopard geckos
  32 orcs
  2 ball pythons
  6 giant cockroaches
  21 goblins
  10 hobgoblins
  10 jackals
  4 quokkas
  16 bats
  5 frilled lizards
  A jackal skeleton (D:5)
  23 kobolds
  A leopard gecko zombie (D:5)
  A quokka zombie (D:8)
  22 rats
511 creatures vanquished.

Vanquished Creatures (others)
  3 fungi
3 creatures vanquished.

Grand Total: 514 creatures vanquished

Notes
Turn   | Place    | Note
-------+----------+-------------------------------------------
     0 | D:1      | JeffiDaFish the Gargoyle Fighter began the quest for the Orb.
     0 | D:1      | Reached XP level 1. HP: 14/14 MP: 1/1
   327 | D:1      | Reached XP level 2. HP: 19/19 MP: 2/2
   767 | D:1      | Reached XP level 3. HP: 23/24 MP: 3/3
  1170 | D:2      | Gained mutation: Your large and strong wings let you fly indefinitely. [potion of mutation]
  1170 | D:2      | Gained mutation: Scrolls take you a little longer to read. [potion of mutation]
  1170 | D:2      | Gained mutation: Your muscles are strong. (Str +2) [potion of mutation]
  1356 | D:2      | Reached XP level 4. HP: 29/29 MP: 4/4
  1418 | D:2      | Reached skill level 4 in Shields
  1886 | D:3      | Noticed Robin
  1927 | D:3      | Killed Robin
  1929 | D:3      | Reached XP level 5. HP: 18/33 MP: 5/5
  1937 | D:3      | Reached skill level 1 in Dodging
  2365 | D:3      | Noticed Natasha
  2377 | D:3      | Killed Natasha
  2741 | D:3      | Noticed Natasha
  2745 | D:3      | Killed Natasha
  2745 | D:3      | Reached XP level 6. HP: 33/38 MP: 6/6
  2860 | D:4      | Reached skill level 5 in Shields
  3377 | D:4      | Reached XP level 7. HP: 44/44 MP: 7/7
  3449 | D:4      | Found a staircase to the Ecumenical Temple.
  3532 | D:4      | Reached skill level 5 in Maces & Flails
  3575 | D:5      | Entered Level 5 of the Dungeon
  4136 | D:5      | Found an iron altar of Okawaru.
  4139 | D:5      | Became a worshipper of Warmaster Okawaru
  4295 | D:6      | Noticed a soldier ant
  4299 | D:6      | Found a runed door.
  4304 | D:6      | Found a runed gate.
  4331 | D:6      | Reached skill level 6 in Shields
  4331 | D:6      | Reached XP level 8. HP: 39/48 MP: 8/8
  4366 | D:6      | Found a runed gate.
  4366 | D:6      | Found a runed gate.
  4373 | D:6      | Found a runed door.
  4422 | D:6      | Reached * piety under Okawaru
  4422 | D:6      | Reached skill level 5 in Fighting
  4426 | D:6      | Reached skill level 5 in Armour
  4432 | D:6      | Reached XP level 9. HP: 40/54 MP: 9/9
  4449 | D:6      | Reached ** piety under Okawaru
  4449 | D:6      | Reached skill level 7 in Shields
  4896 | D:6      | Found a shimmering altar of Xom.
  5053 | D:6      | Found Janebila's Distillery.
  5379 | D:7      | Reached *** piety under Okawaru
  5388 | D:7      | Reached skill level 8 in Shields
  5398 | D:7      | HP: 2/55 [orc priest (2)]
  5476 | D:7      | Found a flagged portal.
  5510 | Bailey   | Entered a bailey
  5574 | Bailey   | Reached XP level 10. HP: 39/60 MP: 10/10
  5684 | Bailey   | Noticed antares's ghost (novice MfGl)
  5752 | Bailey   | HP: 2/61 [gnoll/halberd (2)]
  6259 | Bailey   | Killed antares's ghost
  6259 | Bailey   | Reached **** piety under Okawaru
  6259 | Bailey   | Reached skill level 10 in Maces & Flails
  6610 | D:7      | Noticed Menkaure
  6618 | D:7      | Reached skill level 9 in Shields
  6623 | D:7      | Killed Menkaure
  6833 | D:7      | Found a white marble altar of Elyvilon.
  7354 | D:8      | Found a white marble altar of Elyvilon.
  7439 | D:8      | Reached ***** piety under Okawaru
  7561 | D:8      | Noticed a moth of wrath
  7564 | D:8      | Found a bloodstained altar of Trog.
  8056 | D:9      | Reached XP level 11. HP: 52/67 MP: 11/11
  8073 | D:9      | Noticed kniiight's ghost (novice OpAs)
  8115 | D:9      | Killed kniiight's ghost
  8115 | D:9      | Received a gift from Okawaru
  8115 | D:9      | Reached skill level 10 in Shields
  8238 | D:9      | Identified the +7 flail of Dithmenos's Whim {freeze, MR+ Str+2 Dex+3} (You found it on level 9 of the Dungeon)
  8697 | D:10     | Entered Level 10 of the Dungeon
  8763 | D:10     | Noticed Joseph
  8778 | D:10     | Killed Joseph
  8841 | D:10     | Noticed a hill giant
  8849 | D:10     | Killed a hill giant
  8978 | D:10     | Found a staircase to the Orcish Mines.
  9230 | D:10     | Noticed a hill giant
  9235 | D:10     | Killed a hill giant
  9402 | D:11     | Reached skill level 11 in Shields
  9509 | D:11     | Noticed a brown ugly thing
  9521 | D:11     | Killed a brown ugly thing
  9628 | D:11     | Found Hiec's General Store.
  9633 | D:11     | Found a labyrinth entrance.
  9641 | D:11     | Noticed a hill giant
  9653 | D:11     | Killed a hill giant
  9653 | D:11     | Reached XP level 12. HP: 57/75 MP: 12/12
  9654 | D:11     | Found Unuas's Jewellery Boutique.
  9660 | Lab      | Entered a labyrinth
 10233 | Lab      | Noticed a minotaur
 10239 | Lab      | Killed a minotaur
 10283 | D:11     | Received a gift from Okawaru
 10308 | D:11     | Found Lestrismo's Antique Weapon Shoppe.
 10316 | D:11     | Bought a crude morningstar for 333 gold pieces
 10316 | D:11     | Identified the +12 morningstar of the Viper {chaos, Int+3 SInv} (You bought it in a shop on level 11 of the Dungeon)
 10346 | D:11     | Found Gaisu's Gadget Shoppe.
 10509 | D:11     | Found a staircase to the Lair.
 10546 | D:11     | Found Geubomour's Jewellery Emporium.
 10948 | Lair:1   | Entered Level 1 of the Lair of Beasts
 11043 | Lair:1   | Reached skill level 12 in Shields
 12408 | Lair:3   | Found a staircase to the Snake Pit.
 12414 | Lair:3   | Reached skill level 1 in Stealth
 12468 | Lair:3   | Noticed an eight-headed hydra
 12479 | Lair:3   | Killed an eight-headed hydra
 12574 | Lair:3   | Found a deep blue altar of Sif Muna.
 13227 | Lair:4   | Reached skill level 13 in Shields
 13235 | Lair:4   | Reached XP level 13. HP: 64/80 MP: 13/13
 13353 | Lair:4   | Noticed Harold
 13358 | Lair:4   | Received a gift from Okawaru
 13366 | Lair:4   | Killed Harold
 13643 | Lair:4   | Found a staircase to the Shoals.
 13799 | Lair:4   | Noticed Kirke
 13812 | Lair:4   | Killed Kirke
 13812 | Lair:4   | Reached ****** piety under Okawaru
 13969 | Lair:4   | Reached skill level 14 in Shields
 14250 | Lair:5   | Found a staircase to the Slime Pits.
 14748 | Lair:5   | Reached skill level 10 in Fighting
 14947 | Lair:6   | Entered Level 6 of the Lair of Beasts
 15470 | Lair:6   | Received a gift from Okawaru
 15885 | Lair:6   | Reached skill level 15 in Shields
 15916 | Lair:6   | Mutation became permanent: Your large and strong wings let you fly indefinitely. [Gargoyle growth]
 15916 | Lair:6   | Reached XP level 14. HP: 86/88 MP: 14/14
 16212 | Lair:6   | Killed from afar by a catoblepas

Skill      XL: |  1  2  3  4  5  6  7  8  9 10 11 12 13 |
---------------+----------------------------------------+-----
Maces & Flails | 3 4 6 7 9 11 12 13 14 | 14.1
Fighting       | 4 5 6 7 8 9 10 | 10.5
Shields        | 4 5 6 8 9 11 13 15 | 15.3
Dodging        | 1 2 3 |  3.2
Armour         | 4 5 6 7 8 9 |  9.7
Stealth        | 1 |  1.9

Action                   |  1- 3 |  4- 6 |  7- 9 | 10-12 | 13-15 || total
-------------------------+-------+-------+-------+-------+-------++-------
Melee: Flail             |   133 |    46 |       |   510 |   439 ||  1128
       Morningstar       |       |   222 |   452 |   379 |       ||  1053
Invok: Heroism           |       |       |       |     1 |       ||     1
 Abil: Fly               |     1 |       |       |       |       ||     1
  Use: Scroll            |     7 |     3 |     3 |    13 |     5 ||    31
       Potion            |     3 |     4 |     3 |    13 |     2 ||    25
 Stab: Petrified         |       |       |       |       |     3 ||     3
       Petrifying        |       |       |       |       |     1 ||     1
  Eat: Chunk             |     2 |     7 |     9 |    21 |    11 ||    50
       Meat ration       |       |       |       |     1 |       ||     1
       Royal jelly       |       |       |       |     1 |       ||     1
Armor: Scale mail        |    67 |    61 |       |       |       ||   128
       Chain mail        |       |   137 |   264 |       |       ||   401
       Plate armour      |       |       |    61 |   595 |   332 ||   988
Dodge: Dodged            |    46 |    81 |   129 |   222 |   107 ||   585
Block: Shield            |    67 |   182 |   325 |   329 |       ||   903
       Large shield      |       |       |       |   520 |   608 ||  1128
